 Dungeon Crawl Stone Soup version 0.24.0-35-gdb84b6a5db (webtiles) character file.

Game seed: 17633618605199287210, levelgen mode: deterministic

513 Iamsoldier the Charmwright (level 7, 0/56 HPs)
             Began as a Gnoll Skald on Nov 20, 2019.
             Slain by Sigmund
             ... wielding a +2 scythe of protection
              (15 damage)
             ... on level 4 of the Dungeon.
             The game lasted 00:14:13 (4358 turns).

Iamsoldier the Charmwright (Gnoll Skald)            Turns: 4358, Time: 00:14:13

Health: 0/56       AC:  3    Str: 14    XL:     7   Next: 19%
Magic:  15/15      EV: 14    Int: 17    God:
Gold:   213        SH:  0    Dex: 14    Spells: 8/17 levels left

rFire    . . .     SeeInvis .   a - +0 spear
rCold    . . .     Gourm    .   (no shield)
rNeg     . . .     Faith    .   b - +0 leather armour
rPois    .         Spirit   .   (no helmet)
rElec    .         Reflect  .   (no cloak)
rCorr    .         Harm     .   (no gloves)
MR       +....                  (no boots)
Stlth    +++.......             l - amulet of magic regeneration
HPRegen  0.18/turn              g - ring of stealth
MPRegen  0.39/turn              n - ring of protection from magic

@: no status effects
A: distributed training, fangs 1, strong nose
a: no special abilities


You were on level 4 of the Dungeon.
You were not hungry.

You visited 1 branch of the dungeon, and saw 4 of its levels.
You also visited: Sewer.

You collected 213 gold pieces.

Inventory:

Hand Weapons
 a - a +0 spear (weapon)
Missiles
 q - 2 boomerangs (quivered)
Armour
 b - a +0 leather armour (worn)
 f - a +0 buckler
 p - a +0 ring mail
Jewellery
 g - a ring of stealth (left hand)
 j - an uncursed ring of fire
 l - an amulet of magic regeneration (around neck)
 n - a ring of protection from magic (right hand)
Scrolls
 e - 5 scrolls of teleportation
 m - 3 scrolls of identify
 r - a scroll of remove curse
 s - a scroll of fog {unknown}
 v - a scroll of enchant armour {unknown}
Potions
 c - 3 potions of magic
 i - a potion of agility {unknown}
 o - 4 potions of brilliance
 t - a potion of mutation {unknown}
Comestibles
 d - 7 rations


   Skills:
 + Level 5.1 Fighting
 + Level 2.3 Short Blades
 + Level 2.3 Long Blades
 + Level 2.3 Axes
 + Level 2.3 Maces & Flails
 + Level 5.1 Polearms
 + Level 2.3 Staves
 + Level 2.3 Slings
 + Level 2.3 Bows
 + Level 2.3 Crossbows
 + Level 2.3 Throwing
 + Level 3.5 Armour
 + Level 5.1 Dodging
 + Level 2.3 Stealth
 + Level 2.3 Shields
 + Level 2.3 Unarmed Combat
 + Level 5.5 Spellcasting
 + Level 1.8 Conjurations
 + Level 1.8 Hexes
 + Level 5.8 Charms
 + Level 1.8 Summonings
 + Level 1.8 Necromancy
 + Level 1.8 Translocations
 + Level 1.8 Transmutations
 + Level 1.8 Fire Magic
 + Level 1.8 Ice Magic
 + Level 1.8 Air Magic
 + Level 1.8 Earth Magic
 + Level 1.8 Poison Magic
 + Level 2.5 Invocations
 + Level 2.3 Evocations


You had 8 spell levels left.
You knew the following spells:

 Your Spells              Type           Power        Failure   Level  Hunger
a - Infusion              Chrm           ###.         1%          1    None
b - Shroud of Golubria    Chrm/Tloc      ###...       5%          2    #......
c - Spectral Weapon       Hex/Chrm       ###.....     11%         3    ##.....
d - Regeneration          Chrm/Necr      ###.......   11%         3    ##.....

Your spell library contained the following spells:

 Spells                   Type           Power        Failure   Level  Hunger
 Song of Slaying          Chrm           ###.....     2%          2    #......


Dungeon Overview and Level Annotations

Branches:
Dungeon (4/15)              Sewer (visited)
 Temple: D:4-7

Altars:
Uskayaw

Annotations:
D:4 Sigmund


Innate Abilities, Weirdness & Mutations

Your experience applies equally to all skills.
You have very sharp teeth.
Your uncanny sense of smell can sniff out nearby items.


Message History

Orders for allies: a - Attack new target. r - Retreat! s - Stop attacking. g - Guard the area. f - Follow me.
Anything else - Cancel.
Gang up on whom?
Press: ? - help, Dir - move target cursor There's nothing there!
Unknown command.
What are your orders? t - Bark!
Orders for allies: a - Attack new target. r - Retreat! s - Stop attacking. g - Guard the area. f - Follow me.
Anything else - Cancel.
Guard this area!
Something hits you.
* * * LOW HITPOINT WARNING * * *
You feel better.
You feel better. Something hits you!
You die...

########## #########
###........##############........
...........)....@({..............
###........#############.........
###........# #######.........
..########## #........####### #.#
#.........# #.# #.........#
.####### #################@#
.##....# #.........# ..#
.##.##.###.........# #.#


You could see a friendly spectral +0 spear.

Vanquished Creatures
  Eustachio (D:4)
  The ghost of Valentain the Sneak, an amateur OpEE of Vehumet (D:3)
  A howler monkey (D:4)
  A worker ant (D:4)
  A howler monkey skeleton (D:4)
  5 adders
  An ooze (D:1)
  An adder skeleton (D:4)
  2 worms
  3 dart slugs (D:1)
  5 leopard geckos
  2 orcs (D:3)
  7 bats
  4 giant cockroaches
  11 hobgoblins
  19 jackals
  A quokka (D:2)
  10 ball pythons
  8 frilled lizards
  10 goblins
  16 kobolds
  9 rats
  5 plants (Sewer)
124 creatures vanquished.

Vanquished Creatures (others)
  2 spectral weapons
2 creatures vanquished.

Grand Total: 126 creatures vanquished

Notes
Turn   | Place    | Note
-------+----------+-------------------------------------------
     0 | D:1      | Iamsoldier the Gnoll Skald began the quest for the Orb.
     0 | D:1      | Reached XP level 1. HP: 20/20 MP: 6/6
    78 | D:1      | Reached XP level 2. HP: 20/26 MP: 4/7
   275 | D:1      | Reached XP level 3. HP: 28/31 MP: 0/9
   399 | D:1      | Reached skill level 5 in Spellcasting
   557 | D:1      | Reached skill level 1 in Invocations
   567 | D:1      | Learned a level 2 spell: Shroud of Golubria
   571 | D:1      | Learned a level 3 spell: Spectral Weapon
   575 | D:1      | Learned a level 3 spell: Regeneration
   788 | D:1      | Reached skill level 1 in Short Blades
   788 | D:1      | Reached skill level 1 in Long Blades
   788 | D:1      | Reached skill level 1 in Axes
   788 | D:1      | Reached skill level 1 in Maces & Flails
   788 | D:1      | Reached skill level 1 in Staves
   788 | D:1      | Reached skill level 1 in Slings
   788 | D:1      | Reached skill level 1 in Bows
   788 | D:1      | Reached skill level 1 in Crossbows
   788 | D:1      | Reached skill level 1 in Throwing
   788 | D:1      | Reached skill level 1 in Stealth
   788 | D:1      | Reached skill level 1 in Shields
   788 | D:1      | Reached skill level 1 in Unarmed Combat
   788 | D:1      | Reached skill level 1 in Evocations
   930 | D:2      | Reached XP level 4. HP: 35/38 MP: 2/11
  1928 | D:3      | Found a runed translucent door.
  1928 | D:3      | Noticed Valentain's ghost (amateur OpEE)
  1983 | D:3      | Reached skill level 1 in Conjurations
  1983 | D:3      | Reached skill level 1 in Hexes
  1983 | D:3      | Reached skill level 1 in Summonings
  1983 | D:3      | Reached skill level 1 in Necromancy
  1983 | D:3      | Reached skill level 1 in Translocations
  1983 | D:3      | Reached skill level 1 in Transmutations
  1983 | D:3      | Reached skill level 1 in Fire Magic
  1983 | D:3      | Reached skill level 1 in Ice Magic
  1983 | D:3      | Reached skill level 1 in Air Magic
  1983 | D:3      | Reached skill level 1 in Earth Magic
  1983 | D:3      | Reached skill level 1 in Poison Magic
  2006 | D:3      | Found a glowing drain.
  2032 | Sewer    | Entered a sewer
  2195 | Sewer    | Reached XP level 5. HP: 43/43 MP: 10/12
  3133 | D:3      | Found a hide-covered altar of Uskayaw.
  4026 | D:3      | Killed Valentain's ghost
  4026 | D:3      | Reached XP level 6. HP: 43/50 MP: 10/14
  4082 | D:4      | Reached skill level 5 in Fighting
  4082 | D:4      | Reached skill level 5 in Polearms
  4082 | D:4      | Reached skill level 5 in Dodging
  4109 | D:4      | Noticed Eustachio
  4129 | D:4      | Killed Eustachio
  4129 | D:4      | Reached XP level 7. HP: 43/56 MP: 15/15
  4304 | D:4      | Noticed Sigmund
  4355 | D:4      | HP: 1/56 [something (4)]
  4358 | D:4      | Slain by Sigmund

Levels and vault maps discovered:
D:1:      dpeg_arrival_simpleton_a, layout_rooms,
          chequers_serial_rivers_small_3, minmay_unequal
D:2:      layout_loops_ring, columned_hall_lemuel
D:3:      layout_basic, overflow_temple_1_default, cheibrodos_sewer_entry_drain,
          first_ration, gammafunk_ghost_grave, kennysheep_generic_room_14
D:4:      layout_basic, serial_shops, shop, uniq_eustachio, uniq_sigmund

Skill      XL: |  1  2  3  4  5  6 |
---------------+-------------------+-----
Spellcasting   | 5 |  5.5
Invocations    | 1 2 |  2.5
Short Blades   | 1 2 |  2.3
Long Blades    | 1 2 |  2.3
Axes           | 1 2 |  2.3
Maces & Flails | 1 2 |  2.3
Staves         | 1 2 |  2.3
Slings         | 1 2 |  2.3
Bows           | 1 2 |  2.3
Crossbows      | 1 2 |  2.3
Throwing       | 1 2 |  2.3
Stealth        | 1 2 |  2.3
Shields        | 1 2 |  2.3
Unarmed Combat | 1 2 |  2.3
Evocations     | 1 2 |  2.3
Conjurations   | 1 |  1.8
Hexes          | 1 |  1.8
Summonings     | 1 |  1.8
Necromancy     | 1 |  1.8
Translocations | 1 |  1.8
Transmutations | 1 |  1.8
Fire Magic     | 1 |  1.8
Ice Magic      | 1 |  1.8
Air Magic      | 1 |  1.8
Earth Magic    | 1 |  1.8
Poison Magic   | 1 |  1.8
Armour         | 3 |  3.5
Fighting       | 5 |  5.1
Polearms       | 5 |  5.1
Dodging        | 5 |  5.1
Charms         | |  5.8

Action                   |  1- 3 |  4- 6 |  7- 9 || total
-------------------------+-------+-------+-------++-------
Melee: Spear             |   123 |   592 |    36 ||   751
       Bite              |    11 |    75 |     9 ||    95
       Punch             |       |     5 |     1 ||     6
 Cast: Infusion          |    10 |     6 |       ||    16
       Spectral Weapon   |       |    14 |     2 ||    16
       Shroud of Golubri |       |     2 |     1 ||     3
       Regeneration      |       |     1 |     1 ||     2
  Use: Scroll            |       |     8 |       ||     8
       Potion            |       |       |     7 ||     7
 Stab: Sleeping          |       |     6 |       ||     6
       Distracted        |       |     2 |       ||     2
  Eat: Chunk             |       |    12 |     2 ||    14
Armor: Leather armour    |    19 |    19 |     1 ||    39
Dodge: Dodged            |    69 |   113 |     8 ||   190
